Map: Golden Wall LE

Players

FrannoMU

  • Race: Terran Terran
  • Spawn Location: 7:00

Throwfordays - Winner!

  • Race: Protoss Protoss
  • League: Silver
  • Spawn Location: 5:00

VOD

Have the link to the VOD?

Description

Time

  • Played on: June 29, 2020, 4:57 p.m.
  • Length: 6:27
Show
View Real Time Build Order
Export as new Build Order

FrannoMU Terran 

Build Orders: Command Center First (CC) 

Get SALT Encoding   

  12  0:36  Refinery  
  12  0:59  SCV  
  12  1:01  Refinery  
  13  1:11  SCV  
  14  1:23  SCV  
  15  1:33  Command Center  
  15  2:45  SCV  
  16  2:57  SCV  
  17  2:59  Supply Depot  
  17  3:02  Supply Depot  
  17  3:09  SCV  
  17  3:10  SCV  
  19  3:21  SCV  
  19  3:22  Supply Depot, SCV  
  19  3:26  Supply Depot  
  21  3:33  SCV  
  22  3:34  SCV  
  23  3:45  SCV  
  23  3:47  Refinery, SCV  
  25  3:57  SCV  
  25  3:58  Refinery  
  25  3:59  SCV  
  28  4:10  SCV  
  28  4:11  SCV  
  29  4:18  Barracks  
  29  4:22  SCV  
  29  4:23  SCV  
  31  4:34  SCV  
  31  4:35  SCV  
  33  4:46  SCV  
  33  4:47  SCV  
  28  4:59  SCV  
  26  5:11  SCV  
Show
View Real Time Build Order
Export as new Build Order

Throwfordays Protoss - Winner!

Build Orders:  

Get SALT Encoding   

  12  0:01  Probe  
  13  0:13  Probe  
  14  0:22  Pylon  
  14  0:29  Probe  
  15  0:41  Probe  
  15  0:42  Gateway  
  16  0:53  Probe  
  16  0:55  Assimilator  
  17  1:03  Pylon  
  17  1:06  Probe  
  19  1:18  Probe  
  21  1:32  Zealot  
  21  1:44  Cybernetics Core  
  21  1:48  Pylon  
  21  1:54  Probe  
  21  1:55  Gateway  
  21  2:00  Warp Gate  
  22  2:02  Probe  
  23  2:16  Nexus  
  23  2:29  Assimilator  
  23  2:31  Probe  
  24  2:43  Probe  
  25  2:48  Adept  
  25  2:49  Adept  
  29  2:55  Probe  
  30  3:09  Gateway  
  30  3:10  Gateway  
  30  3:17  Probe  
  31  3:26  Adept  
  33  3:28  Adept  
  33  3:29  Probe  
  33  3:31  Probe  
  36  3:40  Probe  
  36  3:41  Probe  
  39  3:52  Twilight Council, Probe  
  39  3:53  Probe  
  41  4:04  Probe  
  41  4:05  Probe  
  43  4:16  Probe  
  44  4:17  Probe  
  44  4:18  Adept x2  
  44  4:19  Adept  
  44  4:22  Adept  
  53  4:26  Resonating Glaives  
  53  4:28  Pylon  
  53  5:06  Adept x4  
  61  5:13  Probe  
  62  5:30  Pylon  
  62  5:32  Pylon  
  62  5:48  Probe  
  63  5:54  Stalker  
  63  5:55  Stalker x3  
  71  6:00  Probe  
  72  6:06  Pylon  
  72  6:12  Probe  
Tags
 
Add a new tag
Caveats
  • Supply blocks, unpowered buildings, or Contaminate may cause inaccurate times.
  • Supply counts are checked every 10 seconds.